 Dungeon Crawl Stone Soup version 0.29-a0-352-g0917bc69df (webtiles) character file.

Game seed: 9059805080588452530

110 greenreed the Cudgeller (level 4, -2/61 HPs)
             Began as a Gnoll Berserker on Apr 23, 2022.
             Was a Believer of Trog.
             Slain by a gnoll
             ... wielding a +0 halberd
              (11 damage)
             ... on level 3 of the Dungeon.
             The game lasted 00:06:12 (2384 turns).

greenreed the Cudgeller (Gnoll Berserker)           Turns: 2384, Time: 00:06:12

Health: -2/61      AC:  2    Str: 18    XL:     4   Next: 91%
Magic:  5/5        EV: 13    Int:  7    God:    Trog [**....]
Gold:   69         SH:  0    Dex: 11    Spells: 5/5 levels left

rFire   . . .      SeeInvis +   a - +0 mace
rCold   . . .      Faith    .   (no shield)
rNeg    . . .      Spirit   .   b - +0 animal skin
rPois   .          Reflect  .   (no helmet)
rElec   .          Harm     .   (no cloak)
rCorr   .          Rampage  .   (no gloves)
Will    .....                   (no boots)
Stlth   ..........              (no amulet)
HPRegen 0.20/turn               e - ring of see invisible
MPRegen 0.09/turn               k - ring of flight

@: berserking (expiring), flying, very quick
A: fangs 1, strong nose, distributed training
a: Renounce Religion, Berserk, Trog's Hand


You were on level 3 of the Dungeon.
You worshipped Trog.
Trog was pleased with you.
You visited 1 branch of the dungeon, and saw 3 of its levels.

You collected 69 gold pieces.

Inventory:

Hand Weapons
 a - a +0 mace (weapon)
Missiles
 g - 5 poisoned darts (quivered)
 t - 2 atropa-tipped darts
Armour
 b - a +0 animal skin (worn)
 f - a +0 chain mail
Jewellery
 e - a ring of see invisible (left hand)
 k - a ring of flight (right hand)
Scrolls
 h - a scroll of noise {unknown}
 i - a scroll of magic mapping {unknown}
 j - 3 scrolls of identify {unknown}
 l - a scroll of blinking {unknown}
 q - a scroll of teleportation {unknown}
 r - a scroll of torment {unknown}
 s - a scroll of enchant weapon {unknown}
Potions
 c - 2 potions of curing
 d - a potion of invisibility {unknown}
 m - a potion of resistance {unknown}
 n - 2 potions of might {unknown}
 o - a potion of degeneration {unknown}
 p - a potion of attraction {unknown}
 u - a potion of heal wounds {unknown}


   Skills:
 + Level 6.6 Fighting
 + Level 1.2 Short Blades
 + Level 1.2 Long Blades
 + Level 1.2 Axes
 + Level 6.6 Maces & Flails
 + Level 1.2 Polearms
 + Level 1.2 Staves
 + Level 1.2 Slings
 + Level 1.2 Bows
 + Level 1.2 Crossbows
 + Level 1.2 Throwing
 + Level 4.7 Armour
 + Level 4.7 Dodging
 + Level 1.2 Stealth
 + Level 1.2 Shields
 + Level 1.2 Unarmed Combat
 + Level 1.2 Spellcasting
 + Level 1.0 Conjurations
 + Level 1.0 Hexes
 + Level 1.0 Summonings
 + Level 1.0 Necromancy
 + Level 1.0 Translocations
 + Level 1.0 Transmutations
 + Level 1.0 Fire Magic
 + Level 1.0 Ice Magic
 + Level 1.0 Air Magic
 + Level 1.0 Earth Magic
 + Level 1.0 Poison Magic
 + Level 1.4 Invocations
 + Level 1.2 Evocations


You had 5 spell levels left.
You didn't know any spells.
Your spell library was empty.

Dungeon Overview and Level Annotations

Branches:
Dungeon (3/15)

Altars:


Innate Abilities, Weirdness & Mutations

You have very sharp teeth.
Your uncanny sense of smell can sniff out nearby items.
Your experience applies equally to all skills.


Message History

The gnoll seems to speed up.
A gnoll comes into view. It is wielding a +0 halberd.
You sock the gnoll!
The gnoll is almost dead.
The gnoll closely misses you.
You barely miss the gnoll. The gnoll hits you with a +0 club.
The gnoll barely misses you.
The gnoll hits you from afar with a +0 spear.
The gnoll hits you with a +0 club. The gnoll attacks as you move away!
The gnoll hits you with a +0 club. The gnoll closely misses you.
You hit the gnoll.
The gnoll is lightly wounded.
The gnoll barely misses you. The gnoll closely misses you.
You hit the gnoll.
The gnoll is moderately wounded.
The gnoll hits you with a +0 club. The gnoll barely misses you.
The gnoll hits you from afar with a +0 spear.
The gnoll attacks as you move away! The gnoll closely misses you.
The gnoll hits you with a +0 club.
A red film seems to cover your vision as you go berserk!
You feel yourself moving faster!
You feel mighty! The gnoll barely misses you. The gnoll closely misses you.
You sock the gnoll!
You kill the gnoll!
Trog accepts your kill. The gnoll barely misses you.
The gnoll hits you with a +0 spear.
* * * LOW HITPOINT WARNING * * *
You see here a +0 club.
You sock the gnoll!
You kill the gnoll!
Trog accepts your kill. The gnoll barely misses you.
You see here a +0 spear.
You barely miss the gnoll. The gnoll hits you with a +0 halberd!
* * * LOW HITPOINT WARNING * * *
You sock the gnoll!
The gnoll is almost dead.
The gnoll hits you with a +0 halberd!
You die...

∆# .# #####.#####
#######.....$...# .)#
#...)@g.....# ..#
#.#####?###.#
#####..#####.## #.## #
..............# #..##.#
......# ###...####.#...#
......# #...........##.#
.<....###...........# #
...<.##.#.#.#...##..# #
)....#........####..##.###


You could see a gnoll.

Vanquished Creatures
  2 gnolls (D:3)
  5 adders (D:2)
  5 endoplasms
  A giant cockroach (D:2)
  5 goblins
  A hobgoblin (D:1)
  2 jackals (D:2)
  2 quokkas
  4 ball pythons
  9 bats
  4 kobolds
  4 rats
44 creatures vanquished.

Vanquished Creatures (others)
  A plant (D:2)
  5 toadstools (D:1)
  3 withered plants (D:2)
9 creatures vanquished.

Grand Total: 53 creatures vanquished

Notes
Turn   | Place    | Note
-------+----------+-------------------------------------------
     0 | D:1      | greenreed the Gnoll Berserker began the quest for the Orb.
     0 | D:1      | Reached XP level 1. HP: 23/23 MP: 1/1
   126 | D:1      | Reached XP level 2. HP: 26/29 MP: 2/2
   994 | D:2      | Found a faded altar of an unknown god.
  1211 | D:2      | Reached XP level 3. HP: 28/35 MP: 2/4
  1345 | D:2      | Reached ** piety under Trog
  1346 | D:2      | Reached skill level 1 in Invocations
  1401 | D:2      | Reached skill level 1 in Short Blades
  1401 | D:2      | Reached skill level 1 in Long Blades
  1401 | D:2      | Reached skill level 1 in Axes
  1401 | D:2      | Reached skill level 1 in Polearms
  1401 | D:2      | Reached skill level 1 in Staves
  1401 | D:2      | Reached skill level 1 in Slings
  1401 | D:2      | Reached skill level 1 in Bows
  1401 | D:2      | Reached skill level 1 in Crossbows
  1401 | D:2      | Reached skill level 1 in Throwing
  1401 | D:2      | Reached skill level 1 in Stealth
  1401 | D:2      | Reached skill level 1 in Shields
  1401 | D:2      | Reached skill level 1 in Unarmed Combat
  1401 | D:2      | Reached skill level 1 in Spellcasting
  1401 | D:2      | Reached skill level 1 in Evocations
  1412 | D:2      | HP: 1/35 [adder (2)]
  1415 | D:2      | Reached XP level 4. HP: 7/41 MP: 5/5
  2291 | D:2      | Upgraded the game from 0.29-a0-350-g7790a0e70a to
                  | 0.29-a0-352-g0917bc69df
  2305 | D:3      | Reached skill level 1 in Conjurations
  2305 | D:3      | Reached skill level 1 in Hexes
  2305 | D:3      | Reached skill level 1 in Summonings
  2305 | D:3      | Reached skill level 1 in Necromancy
  2305 | D:3      | Reached skill level 1 in Translocations
  2305 | D:3      | Reached skill level 1 in Transmutations
  2305 | D:3      | Reached skill level 1 in Fire Magic
  2305 | D:3      | Reached skill level 1 in Ice Magic
  2305 | D:3      | Reached skill level 1 in Air Magic
  2305 | D:3      | Reached skill level 1 in Earth Magic
  2305 | D:3      | Reached skill level 1 in Poison Magic
  2384 | D:3      | Slain by a gnoll

Illustrated notes

Levels and vault maps discovered:
D:1:      ldierk_walled_garden, layout_loops_cross, minmay_misc_feat_nine_boxes,
          kennysheep_small_spiral
D:2:      layout_rooms, serial_forest, infiniplex_forest_lined_room_3,
          infiniplex_forest_lined_3_way, infiniplex_forest_lined_room_2,
          infiniplex_forest_clump_small, ebering_ecumenical_altar_petrified
D:3:      layout_loops_ring, nicolae_qazlal_style_of_elements,
          minmay_misc_feat_hallway, st_stairs_8, uniq_robin

Skill      XL: |  1  2  3  4 |
---------------+-------------+-----
Invocations    | 1 |  1.4
Short Blades   | 1 |  1.2
Long Blades    | 1 |  1.2
Axes           | 1 |  1.2
Polearms       | 1 |  1.2
Staves         | 1 |  1.2
Slings         | 1 |  1.2
Bows           | 1 |  1.2
Crossbows      | 1 |  1.2
Throwing       | 1 |  1.2
Stealth        | 1 |  1.2
Shields        | 1 |  1.2
Unarmed Combat | 1 |  1.2
Spellcasting   | 1 |  1.2
Evocations     | 1 |  1.2
Conjurations   | 1 |  1.0
Hexes          | 1 |  1.0
Summonings     | 1 |  1.0
Necromancy     | 1 |  1.0
Translocations | 1 |  1.0
Transmutations | 1 |  1.0
Fire Magic     | 1 |  1.0
Ice Magic      | 1 |  1.0
Air Magic      | 1 |  1.0
Earth Magic    | 1 |  1.0
Poison Magic   | 1 |  1.0
Fighting       | |  6.6
Maces & Flails | |  6.6
Armour         | |  4.7
Dodging        | |  4.7

Action                   |  1- 3 |  4- 6 || total
-------------------------+-------+-------++-------
Melee: Mace              |    82 |    46 ||   128
       Bite              |     3 |     5 ||     8
       Punch             |       |     1 ||     1
Throw: Dart              |     1 |       ||     1
Invok: Berserk           |       |     1 ||     1
  Use: Potion            |     1 |       ||     1
 Stab: Sleeping          |       |     5 ||     5
Armor: Animal skin       |    15 |     8 ||    23
Dodge: Dodged            |    79 |    37 ||   116

Table legend: (Time is in decaauts)
 A = Elapsed time spent in this place.
 B = Non-inter-level travel time spent in this place.
 C = Inter-level travel time spent in this place.
 D = Time resting spent in this place.
 E = Time spent auto-exploring this place.
 F = Levels seen in this place.
 G = Mean time per level.
                   A        B        C        D        E       F      G
               +--------+--------+--------+--------+--------+-----+--------+
         Total |   2391 |   2336 |     55 |      0 |   1929 |   3 |  797.0 |
       Dungeon |   2391 |   2336 |     55 |      0 |   1929 |   3 |  797.0 |
               +--------+--------+--------+--------+--------+-----+--------+

Top non-repeatable levels by time:
     D:2: 1318 daAuts
     D:1: 981 daAuts
     D:3: 91 daAuts
